 Dungeon Crawl Stone Soup version 0.21.1-1-g345015f (webtiles) character file.

1549 Figureslego113 the Cleaver (level 8, 0/64 HPs)
             Began as a Hill Orc Berserker on July 20, 2018.
             Was an Initiate of Beogh.
             Slain by a polar bear (22 damage)
             ... created by the rage of Trog
             ... on level 6 of the Dungeon.
             The game lasted 00:17:38 (5223 turns).

Figureslego113 the Cleaver (Hill Orc Berserker)     Turns: 5223, Time: 00:17:39

Health: 0/64       AC:  7    Str: 22    XL:     8   Next: 87%
Magic:  8/8        EV: 12    Int: 10    God:    Beogh [......]
Gold:   365        SH:  0    Dex: 10    Spells: 7/7 levels left

rFire    + . .     SeeInvis .   a - +0 hand axe
rCold    + . .     Gourm    .   (no shield)
rNeg     . . .     Faith    .   p - +0 scale mail
rPois    .         Spirit   .   (no helmet)
rElec    .         Reflect  .   e - scarf {rC+ rF+}
rCorr    .         Harm     .   (no gloves)
MR       .....                  (no boots)
Stlth    ..........             x - amulet of magic regeneration
HPRegen  0.20/turn              u - ring of the Thoughtful Eyes {AC+1 Int+3}
MPRegen  0.36/turn              n - +2 ring of evasion

@: no status effects
A: no striking features
a: Renounce Religion


You were on level 6 of the Dungeon.
You worshipped Beogh.
Beogh was noncommittal.
You were not hungry.

You visited 1 branch of the dungeon, and saw 6 of its levels.

You collected 365 gold pieces.

Inventory:

Hand Weapons
 a - a +0 hand axe (weapon)
Armour
 e - a scarf of resistance (worn)
 p - a +0 scale mail (worn)
Jewellery
 f - an uncursed ring of protection from cold
 l - an uncursed ring of flight
 n - a +2 ring of evasion (right hand)
 u - the ring of the Thoughtful Eyes (left hand) {AC+1 Int+3}
   (You found it on level 4 of the Dungeon)

   [ring of protection]

   It affects your AC (+1).
   It affects your intelligence (+3).
 x - an amulet of magic regeneration (around neck)
Wands
 o - a wand of iceblast (8)
 t - a wand of flame (31)
 y - a wand of random effects (28)
Scrolls
 b - a scroll of random uselessness {unknown}
 d - 2 scrolls of enchant armour {unknown}
 g - a scroll of remove curse
 k - 5 scrolls of teleportation {unknown}
 m - 6 scrolls of identify {unknown}
 s - a scroll of enchant weapon {unknown}
 w - a scroll of noise {unknown}
 z - a scroll of fog {unknown}
 A - a scroll of immolation {unknown}
Potions
 h - 3 potions of curing
 j - a potion of berserk rage {unknown}
 q - a potion of brilliance {unknown}
 r - 3 potions of degeneration {unknown}
 v - a potion of lignification {unknown}
Comestibles
 c - 9 rations
 i - a chunk of flesh


   Skills:
 - Level 3.6 Fighting
 + Level 13.9 Axes
 - Level 2.1 Armour
 - Level 1.5 Dodging
 - Level 0.3 Stealth


You had 7 spell levels left.
You didn't know any spells.

Dungeon Overview and Level Annotations

Branches:
Dungeon (6/15)             Temple (0/1) D:5

Altars:
Gozag
Qazlal
Sif Muna
Vehumet

Shops:
D:5 [


Message History

The polar bear claws you but does no damage.
The polar bear barely misses you.
The black bear rages.
You hit the polar bear.
The polar bear is lightly wounded.
The polar bear bites you. The polar bear claws you. x2
You hit the polar bear.
The polar bear is lightly wounded.
The polar bear bites you!!
* * * LOW HITPOINT WARNING * * *
The polar bear claws you.
* * * LOW HITPOINT WARNING * * *
The polar bear claws you.
* * * LOW HITPOINT WARNING * * *
You hear an angry growl.
It was a potion of curing.
You feel better. The polar bear closely misses you. x2
The polar bear claws you.
* * * LOW HITPOINT WARNING * * *
You feel better. The polar bear bites you!!
You die...

........#.### ##.≈.≈≈≈≈≈≈...####.
#...........###......≈≈≈≈≈..#....
.###...##....##.....≈≈≈.......###
.# ##..........................#
.# #.................##.......#
.# #..########......###.....<.#
.####..# #................#
.......###########h...#........#
................@hh............#
....##..###########....#.......#
........### #h....)#.......#
###.......#######h#.#..#.......#
####........##...h#.#..##.#.####
........#.#..>.......#..#...####
#####..........####............##
###.#.##.....##.........##..#
#.#.##..##................#


You could see a polar bear (berserk) and 2 black bears.

Vanquished Creatures
  The ghost of MollyMolluskus the Sneak, a novice OpBe of Trog (D:6)
  2 phantoms
  A sky beast (D:5)
  The ghost of FallenXxXSky the Cudgeler, an amateur MiBe of Trog (D:3)
  An ice beast (D:5)
  2 bullfrogs (D:6)
  A howler monkey (D:6)
  A crimson imp (D:5)
  3 hounds (D:4)
  A jelly (D:5)
  4 bullfrog skeletons
  A centaur skeleton (D:4)
  An iguana (D:5)
  Ijyb (D:3)
  4 worker ants
  Robin (D:3)
  A worker ant zombie (D:5)
  4 gnolls (D:4)
  6 adders
  A shadow imp (D:5)
  3 oozes
  An adder skeleton (D:6)
  4 worms
  5 leopard geckos
  2 orcs
  A ball python (D:4)
  11 giant cockroaches
  11 goblins
  9 hobgoblins
  2 jackals (D:4)
  3 quokkas
  19 bats
  7 frilled lizards
  A jackal zombie (D:3)
  10 kobolds
  8 rats
135 creatures vanquished.

Vanquished Creatures (others)
  An orc (D:6)
  A goblin (D:3)
2 creatures vanquished.

Grand Total: 137 creatures vanquished

Notes
Turn   | Place    | Note
-------+----------+-------------------------------------------
     0 | D:1      | Figureslego113 the Hill Orc Berserker began the quest for the Orb.
     0 | D:1      | Reached XP level 1. HP: 19/19 MP: 1/1
   198 | D:1      | Reached XP level 2. HP: 24/26 MP: 2/2
   236 | D:1      | Reached skill level 5 in Axes
   589 | D:1      | Reached XP level 3. HP: 28/31 MP: 3/3
   852 | D:2      | Reached ** piety under Trog
   935 | D:2      | Reached skill level 6 in Axes
  1240 | D:2      | Reached XP level 4. HP: 27/39 MP: 4/4
  1833 | D:2      | Found a deep blue altar of Sif Muna.
  1840 | D:2      | Found an opulent altar of Gozag.
  1897 | D:3      | Noticed Ijyb
  1920 | D:3      | Killed Ijyb
  1920 | D:3      | Reached skill level 7 in Axes
  2026 | D:3      | Reached XP level 5. HP: 32/45 MP: 5/5
  2116 | D:3      | Noticed FallenXxXSky's ghost (amateur MiBe)
  2127 | D:3      | Killed FallenXxXSky's ghost
  2127 | D:3      | Reached skill level 8 in Axes
  2223 | D:3      | Noticed a phantom
  2249 | D:3      | Killed a phantom
  2249 | D:3      | Reached skill level 9 in Axes
  2249 | D:3      | Reached XP level 6. HP: 17/51 MP: 6/6
  2529 | D:3      | Noticed Robin
  2531 | D:3      | Reached *** piety under Trog
  2555 | D:3      | Killed Robin
  2883 | D:4      | Reached XP level 7. HP: 16/57 MP: 7/7
  2890 | D:4      | Reached skill level 10 in Axes
  3239 | D:4      | Found a radiant altar of Vehumet.
  3271 | D:4      | Got a heavily runed marble ring
  3272 | D:4      | Identified the ring of the Thoughtful Eyes {AC+1 Int+3} (You found it on level 4 of the Dungeon)
  3609 | D:4      | Reached skill level 11 in Axes
  3780 | D:5      | Entered Level 5 of the Dungeon
  4095 | D:5      | Reached XP level 8. HP: 51/64 MP: 8/8
  4124 | D:5      | Found Ixadoid's Antique Armour Emporium.
  4187 | D:5      | Found a staircase to the Ecumenical Temple.
  4421 | D:5      | Reached skill level 12 in Axes
  4733 | D:6      | Fell from the grace of Trog
  4733 | D:6      | Became a worshipper of Beogh the Brigand
  4750 | D:6      | Noticed MollyMolluskus's ghost (novice OpBe)
  4792 | D:6      | Killed MollyMolluskus's ghost
  4792 | D:6      | Reached skill level 13 in Axes
  5073 | D:6      | Found a stormy altar of Qazlal.
  5209 | D:6      | Noticed a polar bear
  5223 | D:6      | Slain by a polar bear

Skill      XL: |  1  2  3  4  5  6  7  8 |
---------------+-------------------------+-----
Axes           | 5 6 7 9 11 13 | 13.9
Fighting       | |  3.6
Armour         | |  2.1
Dodging        | |  1.5
Stealth        | |  0.3

Action                   |  1- 3 |  4- 6 |  7- 9 || total
-------------------------+-------+-------+-------++-------
Melee: Hand axe          |   130 |   197 |   295 ||   622
Invok: Berserk           |       |     4 |     2 ||     6
       Trog's Hand       |       |     2 |     2 ||     4
       Convert to Beogh  |       |       |     1 ||     1
  Use: Scroll            |       |       |     2 ||     2
       Potion            |       |       |     2 ||     2
 Stab: Distracted        |       |     1 |       ||     1
  Eat: Chunk             |     1 |     8 |     9 ||    18
       Ration            |       |       |     1 ||     1
Armor: Animal skin       |    38 |     4 |       ||    42
       Scale mail        |       |    48 |    67 ||   115
Dodge: Dodged            |   105 |    96 |   133 ||   334
